Map: King's Cove LE

Players

Mez

  • Race: Terran Terran
  • League: Master
  • Spawn Location: 5:00

A.I. 1 (Very Easy) - Winner!

  • Race: Zerg Zerg
  • Spawn Location: 11:00

VOD

Have the link to the VOD?

Description

Time

  • Played on: Aug. 5, 2019, 5:34 p.m.
  • Length: 10:16
Show
View Real Time Build Order
Export as new Build Order

Mez Terran 

Build Orders: Reaper Expand 

Get SALT Encoding   

  12  0:02  SCV  
  13  0:15  SCV  
  13  0:19  Supply Depot  
  14  0:27  SCV  
  15  0:41  SCV  
  15  0:42  Barracks  
  16  0:47  Refinery  
  16  0:54  SCV  
  17  1:06  SCV  
  18  1:18  SCV  
  19  1:30  Reaper  
  19  1:32  Orbital Command  
  20  1:47  Command Center  
  20  1:58  SCV  
  20  1:59  Supply Depot  
  21  2:04  Barracks Reactor  
  21  2:11  SCV  
  22  2:25  SCV  
  22  2:29  Command Center  
  23  2:37  Barracks  
  23  2:38  SCV  
  24  2:44  Marine x2  
  26  2:54  SCV  
  27  2:59  Orbital Command  
  27  3:04  Marine x2  
  29  3:08  SCV  
  30  3:15  Engineering Bay  
  30  3:20  SCV  
  30  3:21  Marine x2  
  30  3:25  Barracks Tech Lab  
  33  3:27  SCV  
  33  3:32  SCV  
  35  3:39  SCV  
  36  3:42  Orbital Command  
  36  3:44  SCV, Terran Infantry Weapons Level 1  
  36  3:46  Stimpack  
  36  3:47  Marine  
  38  3:48  Marine  
  39  3:59  SCV, Marine  
  39  4:00  SCV  
  42  4:05  Marine  
  42  4:06  Bunker  
  42  4:08  SCV  
  44  4:13  Marine  
  45  4:17  Marine  
  45  4:20  Refinery  
  45  4:21  Refinery  
  45  4:22  Marine  
  45  4:23  SCV x2  
  45  4:24  Factory  
  49  4:25  SCV  
  49  4:30  Marine  
  51  4:35  SCV x2, Marine, Supply Depot  
  54  4:39  SCV  
  54  4:40  Marine  
  56  4:47  SCV x2  
  56  4:48  Marine  
  56  4:51  SCV  
  60  4:55  Marine  
  60  4:58  Marine  
  60  4:59  SCV x2  
  64  5:00  Supply Depot  
  64  5:03  SCV  
  65  5:09  Armory  
  65  5:11  SCV  
  65  5:12  Refinery, SCV  
  65  5:13  Engineering Bay  
  67  5:18  Orbital Command  
  67  5:22  Barracks x3  
  67  5:23  SCV  
  67  5:24  SCV  
  67  5:27  Marine x3, Supply Depot  
  72  5:31  Starport, Factory Reactor  
  72  5:39  SCV x2  
  74  5:45  Marine  
  74  5:48  SCV  
  76  5:50  Marine x2  
  76  5:51  SCV x2, Combat Shield  
  76  5:53  Terran Infantry Armor Level 1  
  79  6:00  SCV  
  79  6:03  SCV x2, Marine  
  83  6:05  Supply Depot  
  83  6:08  Marine x2  
  83  6:09  Supply Depot  
  85  6:14  Barracks Reactor x2  
  85  6:15  Barracks Reactor  
  85  6:20  Terran Infantry Weapons Level 2  
  85  6:27  SCV x3, Marine x3  
  91  6:38  Barracks  
  91  6:39  SCV x3, Barracks x2  
  94  6:41  Supply Depot  
  94  6:44  Supply Depot  
  94  6:45  Marine x2  
  94  6:46  Medivac x2  
  100  6:51  SCV  
  101  6:55  Supply Depot  
  101  6:57  Supply Depot  
  101  6:58  Supply Depot  
  101  7:03  SCV  
  101  7:04  Marine x2  
  101  7:05  Marine x6  
  112  7:13  Marine  
  111  7:16  Medivac x2  
  111  7:22  Marine x5  
  117  7:23  Marine x3, Barracks  
  117  7:26  Barracks, Supply Depot x2  
  117  7:27  Supply Depot  
  117  7:28  Barracks Reactor  
  117  7:29  Barracks Reactor x2  
  123  7:30  Marine  
  123  7:35  Concussive Shells  
  124  7:40  Marine x3  
  127  7:45  Marine x5  
  127  7:46  Medivac  
  127  7:48  Medivac  
  127  7:49  Marauder  
  138  7:52  Supply Depot  
  138  7:54  Supply Depot x2  
  138  7:55  Supply Depot  
  138  7:58  Marine  
  139  8:03  Marine x2  
  141  8:13  Marine x8  
  141  8:14  Marauder  
  141  8:15  Marine, Barracks Tech Lab x2  
  141  8:16  Marine x3  
  141  8:17  Medivac  
  141  8:18  SCV, Medivac  
  160  8:24  Marine x2  
  162  8:30  Marine  
  162  8:31  Marine  
  162  8:32  Marine x6  
  162  8:33  Marine x2  
  172  8:35  Marauder  
  172  8:40  Marine x3  
  172  8:41  Marauder  
  179  8:43  Factory Reactor  
  179  8:47  Medivac  
  181  8:49  Marine  
  181  8:50  Marine x6  
  181  8:51  Marine  
  181  8:54  Medivac  
  191  8:57  Marine x3, Marauder  
  191  8:59  Marine  
  197  9:07  Marine, Marauder  
Show
View Real Time Build Order
Export as new Build Order

A.I. 1 (Very Easy) Zerg - Winner!

Build Orders: Pool First 

Get SALT Encoding   

  12  0:01  Drone  
  13  0:12  Overlord  
  13  0:18  Drone  
  14  0:36  Spawning Pool  
  14  0:39  Drone  
  14  0:42  Extractor  
  13  0:46  Drone  
  14  0:54  Overlord  
  14  1:23  Zergling x2  
  14  1:25  Queen  
  17  1:34  Roach Warren  
  17  1:36  Extractor  
  17  1:39  Drone  
  16  1:42  Zergling x2  
  16  1:46  Drone  
  18  1:59  Zergling x2  
  18  2:01  Drone  
  20  2:11  Drone  
  21  2:22  Drone  
  22  2:32  Drone  
  22  2:33  Overlord  
  23  2:39  Drone  
  24  2:46  Drone  
  25  3:57  Zergling x2  
  25  5:46  Lair, Drone  
  26  5:50  Zergling x2  
  26  5:53  Drone  
  27  6:00  Drone  
  28  6:07  Drone  
  28  6:09  Overlord  
  29  6:14  Drone  
  30  6:22  Drone  
  31  6:31  Zergling x2  
  30  6:46  Overseer  
  30  6:47  Overseer  
  30  6:49  Spire  
  29  6:56  Zergling x2  
  30  7:22  Hatchery  
  29  7:23  Drone  
  30  8:00  Mutalisk  
  32  8:35  Drone  
  33  8:42  Drone, Extractor  
  33  8:44  Extractor  
  32  8:49  Drone  
  33  8:56  Drone  
  34  9:03  Drone  
  35  9:11  Drone  
  35  9:16  Overseer  
  36  9:18  Drone  
  36  9:20  Overlord  
  37  9:25  Drone  
  38  9:32  Drone  
  38  9:36  Zergling x2  
  40  9:39  Overlord  
  40  9:40  Overlord  
  40  9:41  Drone  
  40  9:42  Overseer  
  41  9:52  Drone  
  36  9:55  Overseer  
  36  9:59  Drone  
Tags
 
Add a new tag
Caveats
  • Supply blocks, unpowered buildings, or Contaminate may cause inaccurate times.
  • Supply counts are checked every 10 seconds.